 Dungeon Sprint DCSS version 0.27.1-34-g3ba077fa99 (webtiles) character file.

Game seed: 7470213447802615452

337 alasdair19 the Protected (level 6, -17/64 HPs)
             Began as a Minotaur Fighter on Jan 23, 2022.
             Was a Believer of Okawaru.
             Killed from afar by a deep elf zephyrmancer (22 damage)
             ... with a bolt of lightning
             ... in the Dungeon (Sprint V: "Ziggurat Sprint").
             The game lasted 00:05:35 (235 turns).

alasdair19 the Protected (Minotaur Fighter)          Turns: 235, Time: 00:05:38

Health: -17/64     AC:  8    Str: 22    XL:     6   Next: 28%
Magic:  5/5        EV:  8    Int:  5    God:    Okawaru [**....]
Gold:   0          SH: 11    Dex: 10    Spells: 5/5 levels left

rFire    . . .     SeeInvis .   D - +5 double sword
rCold    . . .     Faith    .   c - +0 kite shield
rNeg     . . .     Spirit   .   b - +0 scale mail
rPois    .         Reflect  .   (helmet restricted)
rElec    .         Harm     .   (no cloak)
rCorr    .         Rampage  .   (no gloves)
Will     .....     NoTele   +   (no boots)
Stlth    ..........             (no amulet)
HPRegen  0.20/turn              (no ring)
MPRegen  0.09/turn              (no ring)

@: no status effects
A: horns 2, retaliatory headbutt
a: Renounce Religion, Heroism


You were in the Dungeon.
You worshipped Okawaru.
Okawaru was pleased with you.
You visited 1 branch

Inventory:

Hand Weapons
 a - a +0 long sword
 D - a +5 double sword (weapon)
 F - a +2 demon blade of venom
Armour
 b - a +0 scale mail (worn)
 c - a +0 kite shield (worn)
Jewellery
 t - a ring of flight
 u - a +6 ring of dexterity
 v - a +6 ring of dexterity
 w - a +6 ring of intelligence
 x - a +6 ring of intelligence
 y - a +6 ring of strength
 z - a +6 ring of strength
 E - the ring of the Heavens {Wiz Dex+4}
   (You found it in the Dungeon)

   [ring of wizardry]

   It improves your spell success rate.
   Dex:       It affects your dexterity (+4).
Wands
 A - a wand of mindburst (7)
 B - a wand of iceblast (7)
 C - a wand of acid (7)
Scrolls
 j - 4 scrolls of blinking
 o - 4 scrolls of amnesia
 p - 7 scrolls of fog
 q - a scroll of holy word
 r - 5 scrolls of identify
 s - 2 scrolls of fear
Potions
 d - 6 potions of might
 e - 10 potions of curing
 f - 10 potions of heal wounds
 g - 6 potions of haste
 h - 7 potions of magic
 i - 3 potions of berserk rage
 k - 2 potions of brilliance
 l - 2 potions of invisibility
 m - 4 potions of resistance
 n - a potion of experience


   Skills:
 + Level 9.4 Fighting
 + Level 5.7 Long Blades
 + Level 9.6 Armour
 + Level 9.4 Shields


You had 5 spell levels left.
You didn't know any spells.
Your spell library was empty.

Dungeon Overview and Level Annotations

Branches:
Dungeon (1/1)

Altars:
Ashenzari
Cheibriados
Dithmenos
Elyvilon
Fedhas
Gozag
Hepliaklqana
Kikubaaqudgha
Makhleb
Nemelex Xobeh
Okawaru
Qazlal
Ru
Sif Muna
Trog
Uskayaw
Vehumet
Wu Jian
Xom
Yredelemnul
Zin
The Shining One
Beogh
Jiyva
Lugonu

Annotations:
D 1 transporter


Innate Abilities, Weirdness & Mutations

You have a pair of horns on your head.
You reflexively headbutt those who attack you in melee.


Message History

The air elemental hits you!
The deep elf zephyrmancer casts a spell.
The deep elf zephyrmancer blinks!
The deep elf pyromancer gestures wildly while chanting.
The deep elf pyromancer blinks!
The deep elf pyromancer gestures wildly while chanting.
The deep elf pyromancer blinks!
The air elemental barely misses you. You furiously retaliate!
You headbutt the air elemental!
The deep elf pyromancer mumbles some strange words.
The deep elf pyromancer blinks!
You closely miss the air elemental. You headbutt the air elemental!
The air elemental is almost destroyed.
The air elemental fires a burst of electricity at you.
The stunning burst hits you.
You shrug off the repeated paralysis!
The air elemental fires a burst of electricity at you.
The stunning burst hits you!
You shrug off the repeated paralysis!
The air elemental barely misses you.
You riposte.
You miss the air elemental.
The air elemental is almost destroyed.
You miss the air elemental. Your headbutt misses the air elemental.
The air elemental is almost destroyed.
The air elemental hits you!
* * * LOW HITPOINT WARNING * * *
The air elemental fires a burst of electricity at you.
The stunning burst misses you.
The air elemental hits you but does no damage.
The deep elf pyromancer gestures wildly while chanting.
You slash the fire elemental!
The fire elemental is heavily damaged.
The air elemental closely misses you. You block the air elemental's attack.
The deep elf zephyrmancer closely misses you.
You block the air elemental's attack.
The deep elf pyromancer hits you with a +0 long sword.
* * * LOW HITPOINT WARNING * * *
The deep elf pyromancer hits you with a +0 long sword.
* * * LOW HITPOINT WARNING * * *
The fire elemental hits you. The fire elemental burns you!
* * * LOW HITPOINT WARNING * * *
The deep elf zephyrmancer casts a spell at you.
The bolt of lightning hits you!!
You die...

▓▓▓▓▓▓▓▓▓▓▓▓▓▓▓▓▓▓▓
▓.8©8.▓.8©8.▓.8©8.▓
▓.)[).▓..|..▓.....▓
▓..:..▓.....▓.).[.▓
▓.....▓.....▓.....▓
▓.eEe.▓..†..▓.....▓
▓..@e.▓.....▓..©..▓
▓..E..▓..©..▓▓▓▓▓▓▓
▓▓▓▓▓▓▓▓▓▓▓▓▓


You could see 2 deep elf pyromancers, a deep elf zephyrmancer, a fire elemental
(summoned) and an air elemental.

Vanquished Creatures
  A golden eye (D)
  A hell hound (D)
  A floating eye (D)
  A bat skeleton (D)
  A quokka skeleton (D)
5 creatures vanquished.

Notes
Turn   | Place    | Note
-------+----------+-------------------------------------------
     0 | D        | alasdair19 the Minotaur Fighter began the quest for the
                  | Orb.
     0 | D        | Reached XP level 1. HP: 19/19 MP: 0/0
     0 | D        | Found a shimmering blue altar of Sif Muna.
     0 | D        | Found a bloodstained altar of Trog.
     0 | D        | Found a sacrificial altar of Ru.
     0 | D        | Found a stormy altar of Qazlal.
     0 | D        | Found an iron altar of Okawaru.
     1 | D        | Found a sparkling altar of Nemelex Xobeh.
     1 | D        | Found a blossoming altar of Fedhas.
     1 | D        | Found the +6 Majin-Bo {vamp, MP+6 Int+6}
     1 | D        | Found the +9 heavy crossbow "Sniper" {vorpal, Acc+∞ SInv}
     1 | D        | Found the +10 dark maul {vorpal}
     1 | D        | Found the +15 Maxwell's patent armour {-Cast -Tele rElec
                  | Will+ rCorr}
     1 | D        | Found the +18 shield of the Gong {rElec rN+ Will+ EV-5}
     1 | D        | Found the +14 obsidian axe {vorpal, Mesm Drain Fly SInv}
     1 | D        | Found the +7 great mace "Firestarter" {inner flame, rF++}
     1 | D        | Found the +6 shillelagh "Devastator" {shatter}
     1 | D        | Found the +11 plutonium sword {Contam Stlth-}
     1 | D        | Found the +8 lance "Wyrmbane" {slay drac, rPois rF+ rC+
                  | AC+3}
     1 | D        | Found the +9 sword of Zonguldrok {reap}
     1 | D        | Found the +13 scythe of Curses {drain, Drain}
     1 | D        | Found the +5 sword of Power {vorpal}
     1 | D        | Found the +7 mace of Variability {chain chaos}
     1 | D        | Found the +7 Singing Sword {vorpal, sonic wave}
     1 | D        | Found the +8 storm bow {elec, penet}
     4 | D        | Found a transporter.
     4 | D        | Found a viscous altar of Jiyva.
     4 | D        | Found an ancient bone altar of Kikubaaqudgha.
     4 | D        | Found a hazy altar of Hepliaklqana.
     4 | D        | Found a corrupted altar of Lugonu.
     4 | D        | Found an opulent altar of Gozag.
     4 | D        | Found a burning altar of Makhleb.
    15 | D        | Banished a spatial maelstrom
    89 | D        | Became a worshipper of Warmaster Okawaru
   100 | D        | Entered arena 2.
   100 | D        | Noticed a floating eye
   100 | D        | Noticed a golden eye
   100 | D        | Found a transporter.
   105 | D        | Paralysed by a floating eye for 2 turns
   109 | D        | Paralysed by a floating eye for 2 turns
   114 | D        | Paralysed by a floating eye for 2 turns
   118 | D        | Paralysed by a floating eye for 2 turns
   121 | D        | Paralysed by a floating eye for 4 turns
   130 | D        | Killed a floating eye
   130 | D        | Reached * piety under Okawaru
   131 | D        | Reached XP level 2. HP: 31/31 MP: 1/1
   131 | D        | Reached XP level 3. HP: 38/38 MP: 2/2
   131 | D        | Reached XP level 4. HP: 45/45 MP: 3/3
   158 | D        | Killed a golden eye
   158 | D        | Reached ** piety under Okawaru
   159 | D        | Reached skill level 5 in Long Blades
   159 | D        | Reached XP level 5. HP: 56/56 MP: 4/4
   204 | D        | Entered arena 3.
   204 | D        | Noticed a hell hound
   204 | D        | Found a transporter.
   208 | D        | Killed a hell hound
   209 | D        | Reached XP level 6. HP: 59/64 MP: 5/5
   215 | D        | Got the ring of the Heavens {Wiz Dex+4}
   230 | D        | Entered arena 4.
   230 | D        | Noticed an air elemental
   230 | D        | Noticed a deep elf pyromancer
   230 | D        | Noticed a deep elf zephyrmancer
   230 | D        | Noticed a deep elf pyromancer
   230 | D        | Found a transporter.
   231 | D        | Paralysed by an air elemental for 1 turns
   235 | D        | Noticed a fire elemental
   235 | D        | Killed from afar by a deep elf zephyrmancer

Illustrated notes

Levels and vault maps discovered:
D:        sprint_v [room_start, room_1, room_2, room_3, room_4, room_5, room_6,
          room_7, room_8, room_9, room_10, room_11, room_12, room_13, room_14,
          room_15, room_16, room_17, room_18, room_19, room_20, room_21,
          room_22, room_23, room_24, room_25, room_26, room_27]

Skill      XL: |  1  2  3  4  5 |
---------------+----------------+-----
Fighting       | 6 8 9 |  9.4
Long Blades    | 4 5 |  5.7
Armour         | 6 8 9 |  9.6
Shields        | 6 8 9 |  9.4

Action                   |  1- 3 |  4- 6 || total
-------------------------+-------+-------++-------
Melee: Double sword      |     7 |    14 ||    21
       Headbutt          |       |     2 ||     2
Armor: Scale mail        |       |     7 ||     7
Dodge: Dodged            |       |    12 ||    12
Block: Kite shield       |       |     3 ||     3
       Rpst.: Double sword |       |     3 ||     3
